 Dungeon Crawl Stone Soup version 0.26-b1-57-gb162d0664a (webtiles) character file.

Game seed: 12523117784090326228

365 Gauvater the Covert (level 6, -1/41 HPs)
             Began as an Octopode Brigand on Jan 9, 2021.
             Slain by an orc wizard
             ... wielding a +0 dagger
              (5 damage)
             ... on level 4 of the Dungeon.
             The game lasted 00:12:06 (3492 turns).

Gauvater the Covert (Octopode Brigand)              Turns: 3492, Time: 00:12:06

Health: -1/41      AC:  1    Str: 11    XL:     6   Next: 68%
Magic:  6/6        EV: 13    Int: 14    God:
Gold:   134        SH:  0    Dex: 14    Spells: 5/5 levels left

rFire    . . .     SeeInvis .   u - +2 dagger (vamp)
rCold    . . .     Faith    .   (no shield)
rNeg     . . .     Spirit   .   t - +0 hat
rPois    .         Reflect  .   (no amulet)
rElec    .         Harm     .   (no ring)
rCorr    .         Rampage  .   (no ring)
Will     .....                  (no ring)
Stlth    +++++.....             (no ring)
HPRegen  0.13/turn              (no ring)
MPRegen  0.10/turn              (no ring)
                                (no ring)
                                (no ring)

@: no status effects
A: almost no armour, stealthy swim, amphibious, 8 rings, constrict 8, camouflage
1, gelatinous body 1
a: no special abilities


You were on level 4 of the Dungeon.
You visited 1 branch of the dungeon, and saw 4 of its levels.

You collected 134 gold pieces.

Inventory:

Hand Weapons
 a - a +2 dagger
 f - a +0 hunting sling
 p - a +2 short sword of venom
 u - a +2 vampiric dagger (weapon)
Missiles
 b - 37 poisoned darts (quivered)
 c - 2 curare-tipped darts
 l - 44 bolts
 r - 72 stones
 v - 17 arrows
Armour
 t - a +0 hat (worn)
Jewellery
 i - an uncursed ring of flight {unknown}
Wands
 s - a wand of polymorph (7)
 y - a wand of random effects (11)
Scrolls
 e - 6 scrolls of teleportation {unknown}
 j - 3 scrolls of identify {unknown}
 k - 2 scrolls of magic mapping {unknown}
 m - a scroll of enchant weapon {unknown}
 q - a scroll of enchant armour {unknown}
 w - a scroll of amnesia {unknown}
 x - a scroll of remove curse {unknown}
Potions
 d - a potion of might
 g - 2 potions of brilliance {unknown}
 h - 3 potions of curing
 n - a potion of attraction {unknown}
 o - 2 potions of ambrosia {unknown}


   Skills:
 * Level 2.9 Fighting
 + Level 3.1 Short Blades
 + Level 2.3 Throwing
 + Level 1.4 Dodging
 * Level 9.4 Stealth


You had 5 spell levels left.
You didn't know any spells.
Your spell library was empty.

Dungeon Overview and Level Annotations

Branches:
Dungeon (4/15)
 Temple: D:4-7

Altars:


Innate Abilities, Weirdness & Mutations

You cannot wear most types of armour.
You are very stealthy in the water. (Stealth+)
You are amphibious.
You can wear up to eight rings at the same time.
You can use your tentacles to constrict eight enemies at once.
Your skin changes colour to match your surroundings (Stealth+).
Your rubbery body absorbs attacks. (AC +1, EV +1)


Message History

The orc is moderately wounded.
You constrict the orc, but do no damage.
The orc barely misses you.
You hit the orc.
The orc is severely wounded.
You constrict the orc, but do no damage.
The orc closely misses you.
You barely miss the orc. You squeeze the orc.
You kill the orc!
The orc wizard points at you and mumbles some strange words.
The puff of frost hits you!
* * * LOW HITPOINT WARNING * * *
The orc wizard barely misses you.
Things that are here:
a +0 flail of protection; an orc corpse; an orc corpse You hit the orc wizard.
You feel better.
You grab the orc wizard.
The orc wizard is lightly wounded.
You constrict the orc wizard, but do no damage.
The orc wizard hits you with a +0 dagger.
You die...

#.##...## ###.##.o#.##
#....o....o## #.#....^..#.#
######.#o##.....#
#####.........#.....#.
#.........o#...†......
#.###o###............. ###.#
#@# #.......#..##. ..#.# #.#
#..........# #.#.# #.#
##.†##..#.## #.#.# #.#
#..##..#.# #.#.###.#
#..##..#.. #.#..##.#
#..##..#####
#.#.....####............
#####..)..........##........
...........##########.######.


You could see an orc wizard.

Vanquished Creatures
  A scorpion (D:4)
  A howler monkey (D:2)
  4 orc priests
  An iguana (D:4)
  An adder (D:3)
  2 oozes
  5 worms
  2 dart slugs
  A leopard gecko (D:1)
  15 orcs
  A ball python (D:1)
  7 bats
  4 giant cockroaches
  4 goblins
  8 hobgoblins
  9 jackals
  5 kobolds
  2 quokkas (D:4)
  2 frilled lizards
  10 rats
85 creatures vanquished.

Notes
Turn   | Place    | Note
-------+----------+-------------------------------------------
     0 | D:1      | Gauvater the Octopode Brigand began the quest for the Orb.
     0 | D:1      | Reached XP level 1. HP: 14/14 MP: 1/1
   184 | D:1      | Reached XP level 2. HP: 19/19 MP: 2/2
  1006 | D:1      | Reached skill level 6 in Stealth
  1162 | D:2      | Reached XP level 3. HP: 24/24 MP: 3/3
  1516 | D:2      | Reached skill level 7 in Stealth
  1516 | D:2      | Reached XP level 4. HP: 29/30 MP: 4/4
  1970 | D:3      | Reached XP level 5. HP: 27/35 MP: 5/5
  1975 | D:3      | Reached skill level 8 in Stealth
  3186 | D:3      | Reached XP level 6. HP: 41/41 MP: 6/6
  3358 | D:4      | Reached skill level 9 in Stealth
  3492 | D:4      | Slain by an orc wizard

Illustrated notes

Levels and vault maps discovered:
D:1:      nicolae_arrival_washed_ashore, layout_basic
D:2:      layout_loops_cross
D:3:      layout_rooms
D:4:      layout_loops_ring

Skill      XL: |  1  2  3  4  5  6 |
---------------+-------------------+-----
Stealth        | 6 7 8 9 |  9.4
Short Blades   | 3 |  3.1
Fighting       | |  2.9
Throwing       | |  2.3
Dodging        | |  1.4

Action                   |  1- 3 |  4- 6 || total
-------------------------+-------+-------++-------
Melee: Dagger            |    50 |    30 ||    80
       Constrict         |     9 |    26 ||    35
       Tentacles         |     5 |    15 ||    20
       Short sword       |       |    84 ||    84
Throw: Dart              |     3 |     5 ||     8
 Stab: Sleeping          |    13 |    19 ||    32
Armor: Skin              |     2 |     4 ||     6
Dodge: Dodged            |    18 |    48 ||    66
